ITL
TRENTON STARS @ PORTLAND PRIVATEERS
08/14/2029
 
TOP OF THE 1ST
Trenton Stars batting - Pitching for Portland Privateers : RHP Héctor Negrón
Pitching: RHP Héctor Negrón
Batting: RHB George Reeves 0-0: Called Strike
0-1: Ball
1-1: SINGLE (Line Drive, 34D)
Batting: LHB Gabriel Aragón 0-0: Called Strike
George Reeves steals 2nd base
0-1: Called Strike
0-2: Ground out 6-3 (Groundball, 6S)
George Reeves to third
Batting: LHB Frank Jackson 0-0: Called Strike
0-1: Foul Ball, location: 2F
0-2: Ball
1-2: Foul Ball, location: 2F
1-2: Ball
2-2: Ball
3-2: Hit by Pitch
Batting: RHB Ken McDonald 0-0: Ball
1-0: SINGLE (Line Drive, 4)
George Reeves scores
Frank Jackson to second
Batting: RHB Tony Long 0-0: Called Strike
0-1: Foul Ball, location: 2F
0-2: Fielders Choice at 2nd, 1-4 (Groundball, 15)
Frank Jackson to third
Batting: RHB Jorge Cisneros 0-0: Ball
1-0: Foul Ball, location: 2F
1-1: Ball
2-1: Called Strike
2-2: Foul Ball, location: 2F
2-2: Ball
3-2: Fly out, F8 (Flyball, 8LM)
Top of the 1st over - 1 run, 2 hits, 0 errors, 2 left on base; Trenton 1 - Portland 0
BOTTOM OF THE 1ST
Portland Privateers batting - Pitching for Trenton Stars : RHP Russ Brown
Pitching: RHP Russ Brown
Batting: SHB José Espinoza 0-0: Ball
1-0: Ball
2-0: Ball
3-0: Base on Balls
Batting: SHB Patrick Larson 0-0: Called Strike
0-1: Called Strike
0-2: Ball
1-2: Ball
Wild Pitch!
José Espinoza to second
2-2: Ball
3-2: Base on Balls
Batting: LHB Carter Sweet 0-0: Called Strike
0-1: Fly out, F7 (Flyball, 7LD)
Runner from 2nd tags up, SAFE at 3rd, no throw
Batting: RHB Carlos Castro 0-0: Ball
Patrick Larson steals 2nd base
1-0: Called Strike
1-1: Foul Ball, location: 2F
1-2: Ball
2-2: Hit by Pitch
Pinch Runner at 1st Cory Campbell:
Batting: LHB Dillon Beck 0-0: Swinging Strike
0-1: Foul Ball, location: 2F
0-2: Strikes out swinging
Batting: RHB Joe Bailey 0-0: Ground out 4-3 (Groundball, 4)
Bottom of the 1st over - 0 runs, 0 hits, 0 errors, 3 left on base; Trenton 1 - Portland 0
TOP OF THE 2ND
Trenton Stars batting - Pitching for Portland Privateers : RHP Héctor Negrón
Batting: LHB Paco Córdova 0-0: Called Strike
0-1: Foul Ball, location: 2F
0-2: Ball
1-2: Ground out 6-3 (Groundball, 6)
Batting: RHB Gabriel Villegas 0-0: Called Strike
0-1: Ball
1-1: Foul Ball, location: 2F
1-2: Ball
2-2: Strikes out swinging
Batting: RHB Emílio Bruno 0-0: Foul Ball, location: 2F
0-1: Swinging Strike
0-2: Strikes out swinging
Top of the 2nd over - 0 runs, 0 hits, 0 errors, 0 left on base; Trenton 1 - Portland 0
BOTTOM OF THE 2ND
Portland Privateers batting - Pitching for Trenton Stars : RHP Russ Brown
Batting: RHB Luis Pineda 0-0: Swinging Strike
0-1: Ball
1-1: Swinging Strike
1-2: Strikes out swinging
Batting: RHB Ramiro Gámez 0-0: Foul Ball, location: 2F
0-1: Ball
1-1: Foul Ball, location: 2F
1-2: Fly out, F6 (Line Drive, 6)
Batting: RHB Dave Nelson 0-0: Fly out, F8 (Flyball, 8RM)
Bottom of the 2nd over - 0 runs, 0 hits, 0 errors, 0 left on base; Trenton 1 - Portland 0
TOP OF THE 3RD
Trenton Stars batting - Pitching for Portland Privateers : RHP Héctor Negrón
Batting: RHB George Reeves 0-0: Ball
1-0: Foul Ball, location: 2F
1-1: SINGLE (Groundball, 34D)
Batting: LHB Gabriel Aragón 0-0: Ball
1-0: Foul Ball, location: 2F
1-1: Ball
2-1: Ball
3-1: Base on Balls
George Reeves to second
Batting: LHB Frank Jackson 0-0: Foul Ball, location: 2F
0-1: Ball
1-1: DOUBLE (Flyball, 8LXD)
George Reeves scores
Gabriel Aragón to third
Batting: RHB Ken McDonald 0-0: Ball
1-0: Ball
2-0: Called Strike
2-1: Ball
3-1: Fly out, F8 (Flyball, 8LM)
Runner from 3rd tags up, OUT at HOME
Frank Jackson to third
Batting: RHB Tony Long 0-0: Foul Ball, location: 2F
0-1: SINGLE (Flyball, 9LM)
Frank Jackson scores
Batting: RHB Jorge Cisneros 0-0: Ball
1-0: Called Strike
1-1: Fly out, F8 (Flyball, 8LM)
Top of the 3rd over - 2 runs, 3 hits, 0 errors, 1 left on base; Trenton 3 - Portland 0
BOTTOM OF THE 3RD
Portland Privateers batting - Pitching for Trenton Stars : RHP Russ Brown
Batting: SHB José Espinoza 0-0: Ball
1-0: Swinging Strike
1-1: Foul Ball, location: 2F
1-2: Ball
2-2: Fly out, F8 (Flyball, 8RS)
Batting: SHB Patrick Larson 0-0: Ball
1-0: Foul Ball, location: 2F
1-1: Ball
2-1: Swinging Strike
2-2: Ball
3-2: Fly out, F7 (Flyball, 7S)
Batting: LHB Carter Sweet 0-0: Hit by Pitch
Batting: SHB Cory Campbell 0-0: Ball
1-0: Foul Ball, location: 2F
1-1: Foul Ball, location: 2F
1-2: Strikes out swinging
Bottom of the 3rd over - 0 runs, 0 hits, 0 errors, 1 left on base; Trenton 3 - Portland 0
TOP OF THE 4TH
Trenton Stars batting - Pitching for Portland Privateers : RHP Héctor Negrón
Batting: LHB Paco Córdova 0-0: Called Strike
0-1: Ball
1-1: Ball
2-1: Called Strike
2-2: Fly out, F7 (Flyball, 78S)
Batting: RHB Gabriel Villegas 0-0: Called Strike
0-1: Called Strike
0-2: Ball
1-2: Foul Ball, location: 2F
1-2: Strikes out looking
Batting: RHB Emílio Bruno 0-0: Fly out, F4 (Line Drive, 4)
Top of the 4th over - 0 runs, 0 hits, 0 errors, 0 left on base; Trenton 3 - Portland 0
BOTTOM OF THE 4TH
Portland Privateers batting - Pitching for Trenton Stars : RHP Russ Brown
Batting: LHB Dillon Beck 0-0: Ball
1-0: Called Strike
1-1: Swinging Strike
1-2: Foul Ball, location: 2F
1-2: Strikes out looking
Batting: RHB Joe Bailey 0-0: Ground out 6-3 (Groundball, 6)
Batting: RHB Luis Pineda 0-0: Called Strike
0-1: Ball
1-1: Ball
2-1: Foul Ball, location: 2F
2-2: Ball
3-2: Foul Ball, location: 2F
3-2: Ground out 1-3 (Groundball, 15)
Bottom of the 4th over - 0 runs, 0 hits, 0 errors, 0 left on base; Trenton 3 - Portland 0
TOP OF THE 5TH
Trenton Stars batting - Pitching for Portland Privateers : RHP José García
Pitching: RHP José García
Batting: RHB George Reeves 0-0: Ball
1-0: Foul Ball, location: 2F
1-1: Ball
2-1: Swinging Strike
2-2: SINGLE (Line Drive, 34)
Batting: LHB Gabriel Aragón 0-0: Ball
1-0: Called Strike
George Reeves is caught stealing 2nd base
1-1: SINGLE (Groundball, 3D)
Batting: LHB Frank Jackson 0-0: Fly out, F6 (Line Drive, 6)
Batting: RHB Ken McDonald 0-0: Ball
1-0: Ball
2-0: Ball
3-0: Called Strike
3-1: Base on Balls
Gabriel Aragón to second
Batting: RHB Tony Long 0-0: Foul Ball, location: 2F
0-1: Ground out 4-3 (Groundball, 4M)
Top of the 5th over - 0 runs, 2 hits, 0 errors, 2 left on base; Trenton 3 - Portland 0
BOTTOM OF THE 5TH
Portland Privateers batting - Pitching for Trenton Stars : RHP Russ Brown
Batting: RHB Ramiro Gámez 0-0: Ball
1-0: Ball
2-0: Foul Ball, location: 2F
2-1: Swinging Strike
2-2: Ball
3-2: Foul Ball, location: 2F
3-2: Foul Ball, location: 2F
3-2: Strikes out looking
Batting: RHB Dave Nelson 0-0: Ball
1-0: Swinging Strike
1-1: Called Strike
1-2: Foul Ball, location: 2F
1-2: Ball
2-2: Fly out, F9 (Flyball, 9)
Batting: SHB José Espinoza 0-0: Swinging Strike
0-1: Ball
1-1: Swinging Strike
1-2: Ball
2-2: Ball
3-2: Foul Ball, location: 2F
3-2: Base on Balls
Batting: SHB Patrick Larson 0-0: Ball
José Espinoza steals 2nd base
1-0: Ball
2-0: Ball
3-0: Called Strike
3-1: Base on Balls
Batting: LHB Carter Sweet 0-0: Ball
1-0: Ball
2-0: Called Strike
2-1: Called Strike
2-2: Foul Ball, location: 2F
2-2: Strikes out swinging
Bottom of the 5th over - 0 runs, 0 hits, 0 errors, 2 left on base; Trenton 3 - Portland 0
TOP OF THE 6TH
Trenton Stars batting - Pitching for Portland Privateers : RHP José García
Batting: RHB Jorge Cisneros 0-0: Swinging Strike
0-1: Fly out, F3 (Popup, 3SF)
Batting: LHB Paco Córdova 0-0: Ball
1-0: Ball
2-0: Swinging Strike
2-1: Ball
3-1: Foul Ball, location: 2F
3-2: Foul Ball, location: 2F
3-2: Strikes out swinging
Batting: RHB Gabriel Villegas 0-0: Ball
1-0: Ball
2-0: Ground out 4-3 (Groundball, 4)
Top of the 6th over - 0 runs, 0 hits, 0 errors, 0 left on base; Trenton 3 - Portland 0
BOTTOM OF THE 6TH
Portland Privateers batting - Pitching for Trenton Stars : RHP Russ Brown
Batting: SHB Cory Campbell 0-0: Ball
1-0: Foul Ball, location: 2F
1-1: Fly out, F7 (Flyball, 7LS)
Batting: LHB Dillon Beck 0-0: Called Strike
0-1: Foul Ball, location: 2F
0-2: Ball
1-2: Ball
2-2: Strikes out swinging
Batting: RHB Joe Bailey 0-0: Ground out 4-3 (Groundball, 4)
Bottom of the 6th over - 0 runs, 0 hits, 0 errors, 0 left on base; Trenton 3 - Portland 0
TOP OF THE 7TH
Trenton Stars batting - Pitching for Portland Privateers : RHP José García
Batting: RHB Emílio Bruno 0-0: Ball
1-0: Foul Ball, location: 2F
1-1: Ball
2-1: Foul Ball, location: 2F
2-2: Foul Ball, location: 2F
2-2: SINGLE (Groundball, 34D)
Batting: RHB George Reeves 0-0: Called Strike
0-1: Ball
1-1: Grounds into double play, 1-4-3 (Groundball, 15S)
Batting: LHB Gabriel Aragón 0-0: Ball
1-0: Called Strike
1-1: Called Strike
1-2: Foul Ball, location: 2F
1-2: SINGLE (Line Drive, 6D)
Batting: LHB Frank Jackson 0-0: Ball
1-0: Foul Ball, location: 2F
1-1: Called Strike
1-2: Ball
Gabriel Aragón is caught stealing 2nd base
Top of the 7th over - 0 runs, 2 hits, 0 errors, 0 left on base; Trenton 3 - Portland 0
BOTTOM OF THE 7TH
Portland Privateers batting - Pitching for Trenton Stars : RHP Russ Brown
Batting: RHB Luis Pineda 0-0: Ball
1-0: Ball
2-0: Called Strike
2-1: Ball
3-1: Base on Balls
Batting: RHB Ramiro Gámez 0-0: Fly out, F8 (Flyball, 8LS)
Batting: RHB Dave Nelson 0-0: Called Strike
0-1: Swinging Strike
0-2: Ball
1-2: Foul Ball, location: 2F
1-2: Fly out, F7 (Flyball, 7LM)
Batting: SHB José Espinoza 0-0: Called Strike
0-1: SINGLE (Flyball, 6D)
Luis Pineda to second
Batting: SHB Patrick Larson 0-0: Ball
1-0: Fielders Choice at 2nd, 5-4 (Groundball, 56)
Bottom of the 7th over - 0 runs, 1 hit, 0 errors, 2 left on base; Trenton 3 - Portland 0
TOP OF THE 8TH
Trenton Stars batting - Pitching for Portland Privateers : RHP José García
Batting: LHB Frank Jackson 0-0: Ball
1-0: Ball
2-0: Swinging Strike
2-1: Fly out, F8 (Flyball, 8LS)
Batting: RHB Ken McDonald 0-0: Ball
1-0: Ball
2-0: Ball
3-0: Base on Balls
Pitching: RHP Mario Ramos
Batting: RHB Tony Long 0-0: Ball
1-0: Fly out, F8 (Flyball, 8LD)
Batting: RHB Jorge Cisneros 0-0: Ball
1-0: Called Strike
1-1: Swinging Strike
1-2: Strikes out swinging
Top of the 8th over - 0 runs, 0 hits, 0 errors, 1 left on base; Trenton 3 - Portland 0
BOTTOM OF THE 8TH
Portland Privateers batting - Pitching for Trenton Stars : RHP Russ Brown
Pitching: LHP Artie Nelson
Batting: LHB Carter Sweet 0-0: Ball
1-0: Foul Ball, location: 2F
1-1: Fly out, F8 (Flyball, 8LS)
Now in RF: Clancy Booker
Batting: SHB Cory Campbell 0-0: Foul Ball, location: 2F
0-1: Called Strike
0-2: Ball
1-2: Strikes out swinging
Batting: LHB Dillon Beck 0-0: Foul Ball, location: 2F
0-1: Ball
1-1: Called Strike
1-2: Strikes out swinging
Bottom of the 8th over - 0 runs, 0 hits, 0 errors, 0 left on base; Trenton 3 - Portland 0
TOP OF THE 9TH
Trenton Stars batting - Pitching for Portland Privateers : RHP Mario Ramos
Batting: LHB Paco Córdova 0-0: Called Strike
0-1: Called Strike
0-2: Strikes out swinging
Batting: RHB Gabriel Villegas 0-0: Ball
1-0: Ball
2-0: Ball
3-0: Base on Balls
Batting: RHB Emílio Bruno 0-0: Ball
1-0: SINGLE (Line Drive, 4)
Gabriel Villegas to second
Batting: RHB George Reeves 0-0: Ball
1-0: Ball
2-0: Ball
3-0: Called Strike
3-1: Foul Ball, location: 2F
3-2: Foul Ball, location: 2F
3-2: Fielders Choice at 2nd, 4-6 (Groundball, 4M)
Gabriel Villegas to third
Batting: RHB Clancy Booker 0-0: Swinging Strike
0-1: Ball
1-1: Ball
2-1: Swinging Strike
2-2: Ball
3-2: Strikes out swinging
Top of the 9th over - 0 runs, 1 hit, 0 errors, 2 left on base; Trenton 3 - Portland 0
BOTTOM OF THE 9TH
Portland Privateers batting - Pitching for Trenton Stars : LHP Artie Nelson
Batting: RHB Joe Bailey 0-0: Ball
1-0: Swinging Strike
1-1: Ground out 4-3 (Groundball, 4)
Batting: RHB Luis Pineda 0-0: Ball
1-0: Ball
2-0: Fly out, F7 (Flyball, 7LD)
Batting: RHB Ramiro Gámez 0-0: DOUBLE (Line Drive, 7LS)
Batting: RHB Dave Nelson 0-0: Ground out 4-3 (Groundball, 4)
Bottom of the 9th over - 0 runs, 1 hit, 0 errors, 1 left on base; Trenton 3 - Portland 0
Saturday, December 16th, 2017 - OOTP Baseball 18.8 Build 76